 Dungeon Crawl Stone Soup version 0.21.1-1-g345015fe64 (webtiles) character file.

94 Henning the Chopper (level 4, 0/61 HPs)
             Began as a Minotaur Berserker on June 14, 2018.
             Was a Believer of Trog.
             Slain by waaargh's ghost (3 damage)
             ... on level 3 of the Dungeon.
             The game lasted 00:05:04 (1840 turns).

Henning the Chopper (Minotaur Berserker)            Turns: 1840, Time: 00:05:04

Health: 0/61       AC:  6    Str: 28    XL:     4   Next: 38%
Magic:  3/3        EV: 12    Int:  4    God:    Trog [**....]
Gold:   99         SH:  0    Dex:  9    Spells: 3/3 levels left

rFire    . . .     SeeInvis .   k - +0 war axe
rCold    . . .     Gourm    .   (no shield)
rNeg     . . .     Faith    .   i - +0 ring mail
rPois    .         Spirit   .   (helmet restricted)
rElec    .         Reflect  .   (no cloak)
rCorr    .         Harm     .   (no gloves)
MR       .....                  j - +0 pair of boots
Stlth    ..........             (no amulet)
HPRegen  0.20/turn              (no ring)
MPRegen  0.08/turn              (no ring)

@: berserking, very quick
A: retaliatory headbutt, horns 2
a: Berserk, Trog's Hand, Burn Spellbooks, Renounce Religion


You were on level 3 of the Dungeon.
You worshipped Trog.
Trog was pleased with you.
You were hungry.

You visited 1 branch of the dungeon, and saw 3 of its levels.

You collected 99 gold pieces.

Inventory:

Hand Weapons
 k - a +0 war axe (weapon)
Armour
 i - a +0 ring mail (worn)
 j - a +0 pair of boots (worn)
Scrolls
 d - a scroll of remove curse {unknown}
 f - a scroll of teleportation {unknown}
Potions
 b - 3 potions of curing {unknown}
 e - 3 potions of cancellation {unknown}
 g - a potion of resistance {unknown}
 h - a potion of brilliance {unknown}
Comestibles
 a - 2 chunks of flesh
 c - 4 rations


   Skills:
 + Level 4.7 Fighting
 + Level 4.9 Axes
 + Level 2.9 Armour
 + Level 2.6 Dodging
 + Level 0.2 Stealth


You had 3 spell levels left.
You didn't know any spells.

Dungeon Overview and Level Annotations

Branches:
Dungeon (3/15)

Altars:

Annotations:
D:3 Sigmund; waaargh's ghost, amateur MiBe


Innate Abilities, Weirdness & Mutations

You reflexively headbutt those who attack you in melee.
You have a pair of horns on your head.


Message History

You feel yourself moving faster!
You feel mighty!
You are feeling hungry.
Waaargh's ghost hits you.
* * * LOW HITPOINT WARNING * * *
Waaargh's ghost burns you.
* * * LOW HITPOINT WARNING * * *
You barely miss waaargh's ghost. You headbutt waaargh's ghost.
Waaargh's ghost is moderately damaged.
The rat twitches its whiskers.
Waaargh's ghost hits you.
* * * LOW HITPOINT WARNING * * *
Waaargh's ghost burns you.
* * * LOW HITPOINT WARNING * * *
Something hits you!
* * * LOW HITPOINT WARNING * * *
You slash waaargh's ghost!
Waaargh's ghost is severely damaged.
You closely miss the rat. The rat bites you but does no damage.
Waaargh's ghost hits you.
You die...

.#.## ..#... ### ......
.... #...... .....
####).8#8.##
......########.....#?#...
......†............8#8..
......##Wr/.............
..... #@.......####.####
.... #.................
... #......##...#.#### ..
+......+......##.. #
#......##...####.#
............>.)....
#################.. ###


You could see waaargh's ghost and a rat.

Vanquished Creatures
  4 adders
  An ooze (D:2)
  2 worms (D:2)
  2 dart slugs
  3 leopard geckos
  2 giant cockroaches
  3 goblins
  4 hobgoblins
  2 jackals (D:2)
  A quokka (D:2)
  5 bats
  4 frilled lizards
  7 kobolds
  6 rats
46 creatures vanquished.

Notes
Turn   | Place    | Note
-------+----------+-------------------------------------------
     0 | D:1      | Henning the Minotaur Berserker began the quest for the Orb.
     0 | D:1      | Reached XP level 1. HP: 19/19 MP: 0/0
   184 | D:1      | Reached XP level 2. HP: 25/27 MP: 1/1
   964 | D:2      | Reached XP level 3. HP: 33/33 MP: 2/2
  1552 | D:2      | Reached ** piety under Trog
  1578 | D:2      | Reached XP level 4. HP: 38/41 MP: 3/3
  1818 | D:3      | Noticed waaargh's ghost (amateur MiBe)
  1826 | D:3      | Noticed Sigmund
  1839 | D:3      | HP: 3/61 [something (10)]
  1840 | D:3      | Slain by waaargh's ghost

Skill      XL: |  1  2 |
---------------+-------+-----
Fighting       | 4 |  4.7
Axes           | 4 |  4.9
Armour         | |  2.9
Dodging        | |  2.6
Stealth        | |  0.2

Action                   |  1- 3 |  4- 6 || total
-------------------------+-------+-------++-------
Melee: Hand axe          |    90 |     1 ||    91
       Headbutt          |    14 |     7 ||    21
       War axe           |       |    20 ||    20
Invok: Berserk           |       |     1 ||     1
  Eat: Chunk             |     2 |     1 ||     3
Armor: Animal skin       |     2 |       ||     2
       Ring mail         |    20 |     5 ||    25
Dodge: Dodged            |    52 |    18 ||    70
